 Dungeon Crawl Stone Soup version 0.19-a0-462-g6140235 (webtiles) character file.

3840 Ordine the Thaumaturge (level 9, -5/45 HPs)
             Began as a Deep Elf Wizard on June 3, 2016.
             Was a Believer of Vehumet.
             Hit by a stone thrown by an orc warrior (11 damage)
             ... on level 8 of the Dungeon.
             The game lasted 00:43:33 (9679 turns).

Ordine the Thaumaturge (Deep Elf Wizard)            Turns: 9679, Time: 00:43:33

Health: -5/45      AC:  5    Str:  4    XL:     9   Next: 98%
Magic:  2/25       EV: 13    Int: 27    God:    Vehumet [**....]
Gold:   379        SH:  0    Dex: 13    Spells: 6 memorised, 13 levels left

rFire  x . .     SeeInvis .     B - +1 dagger (vamp)
rCold  + . .     Gourm    .     a - +0 robe
rNeg   + . .     Faith    +     (no shield)
rPois  +         Spirit   .     b - +0 hat
rElec  .         Dismiss  .     o - +2 cloak
rCorr  .         Reflect  .     (no gloves)
SustAt +         Harm     .     (no boots)
MR     .....                    j - amulet of faith
Stlth  ++........               N - ring of Nalih {SustAt rPois rF- rN+}
                                l - ring of protection from cold

@: not resistant to hostile enchantments, unstealthy
A: no striking features
a: Renounce Religion


You were on level 8 of the Dungeon.
You worshipped Vehumet.
Vehumet was pleased with you.
You were hungry.

You visited 2 branches of the dungeon, and saw 9 of its levels.

You collected 379 gold pieces.

Inventory:

Hand Weapons
 B - a +1 vampiric dagger (weapon)
Armour
 a - a +0 robe (worn)
 b - a +0 hat (worn)
 o - a +2 cloak (worn)
Jewellery
 j - an amulet of faith (around neck)
 k - an uncursed amulet of harm
 l - a ring of protection from cold (left hand)
 J - an uncursed amulet of rage
 N - the ring of Nalih (right hand) {SustAt rPois rF- rN+}
   (You found it on level 7 of the Dungeon)

   [ring of sustain attributes]

   It sustains your strength, intelligence and dexterity.
   It makes you vulnerable to fire.
   It protects you from poison.
   It protects you from negative energy.
Wands
 r - a wand of paralysis (8/24)
 y - a wand of digging (1/24)
 H - a wand of iceblast (7/15)
 I - a wand of digging (14/24)
 P - a wand of heal wounds (2/9)
Scrolls
 n - 3 scrolls of fog
 p - 3 scrolls of magic mapping
 v - 3 scrolls of teleportation
 z - 3 scrolls of recharging
 D - a scroll of immolation
 E - a scroll of remove curse
 G - a scroll of enchant armour
 O - a scroll of blinking
Potions
 e - 4 potions of lignification
 g - 3 potions of might
 h - a potion of berserk rage {unknown}
 i - 3 potions of curing {unknown}
 m - 3 potions of heal wounds {unknown}
 q - 3 potions of brilliance {unknown}
 s - 2 potions of resistance
 t - 2 potions of mutation {unknown}
 u - a potion of haste {unknown}
 x - 3 potions of agility {unknown}
 A - a potion of degeneration {unknown}
 F - a potion of ambrosia {unknown}
Books
 c - a book of Minor Magic

   Spells                             Type                      Level
   a - Magic Dart                     Conjuration                  1
   b - Blink                          Translocation                2
   c - Call Imp                       Summoning                    2
   d - Repel Missiles                 Charms/Air                   2
   e - Slow                           Hexes                        2
   f - Conjure Flame                  Conjuration/Fire             3
   g - Mephitic Cloud                 Conjuration/Poison/Air       3
 K - Sif Muna's Grimoire of Creation
   (You found it on level 5 of the Dungeon)

   Spells                             Type                      Level
   a - Summon Butterflies             Summoning                    1
 L - a book of Enchantments

   Spells                             Type                      Level
   a - Cause Fear                     Hexes                        4
   b - Yara's Violent Unravelling     Hexes/Transmutation          5
   c - Silence                        Hexes/Air                    5
   d - Deflect Missiles               Charms/Air                   6
   e - Haste                          Charms                       6
   f - Discord                        Hexes                        8
 M - a book of the Tempests

   Spells                             Type                      Level
   a - Static Discharge               Conjuration/Air              3
   b - Lightning Bolt                 Conjuration/Air              5
   c - Fireball                       Conjuration/Fire             5
   d - Tornado                        Air                          9
   e - Shatter                        Earth                        9
Comestibles
 d - 10 bread rations
 f - 3 meat rations
 w - 3 fruits
 C - 4 chunks of flesh


   Skills:
 - Level 2.4 Dodging
 - Level 2.4 Stealth
 + Level 10.6 Spellcasting
 + Level 7.1 Conjurations
   Level 1.1 Summonings
 - Level 3.0 Translocations
 + Level 6.0 Fire Magic
 + Level 5.5 Air Magic
 + Level 6.4 Evocations


You had 13 spell levels left.
You knew the following spells:

 Your Spells              Type           Power        Failure   Level  Hunger
a - Magic Dart            Conj           ####         1%          1    None
b - Blink                 Tloc           N/A          1%          2    None
c - Conjure Flame         Conj/Fire      #####...     1%          3    None
d - Mephitic Cloud        Conj/Pois/Air  #####...     2%          3    None
e - Repel Missiles        Chrm/Air       ####..       1%          2    None
f - Fireball              Conj/Fire      #####.....   10%         5    ###....


Dungeon Overview and Level Annotations

Branches:
Dungeon (8/15)             Temple (1/1) D:7
   Lair: D:8-11

Altars:
Cheibriados
Dithmenos
Elyvilon
Fedhas
Gozag
Hepliaklqana
Kikubaaqudgha
Makhleb
Nemelex Xobeh
Okawaru
Pakellas
Qazlal
Ru
Sif Muna
Trog
Uskayaw
Vehumet
Xom
Yredelemnul
Zin
The Shining One

Shops:
D:2 *   D:5 (%([:   D:7 (


Message History

Things that are here:
a stone; a wasp corpse A centaur comes into view.
The orc warrior throws a stone.
The stone hits you!
You see here a stone.
The orc warrior throws a stone.
The stone is repelled.
You see here a stone.
The orc warrior throws a stone.
The stone closely misses you.
The centaur shouts!
The centaur wields a shortbow.
The centaur shoots an arrow.
The arrow hits you!
Things that are here:
an arrow; a stone The centaur shoots an arrow.
The arrow is repelled.
You feel less protected from missiles.
You see here an arrow.
The centaur shoots an arrow.
The arrow hits you!
* * * LOW HITPOINT WARNING * * *
You see here an arrow.
The orc warrior throws a stone.
The stone hits you!
You die...

#(# .# .. .## .. .. #o## #.#
.# ..##.####. #..# #.##.#
..... ... ##.####.#..###
...####o #.(#.#.#.#..
#....o.. ##....#...#.#
##...###.
#......#..#.####..### ##
###.##........#.....#### ###
#........@...............
##.#
##...##.#...>.....##.#####
.O.####...###.#[........##.#
........#.# #..<.#.#######.#
#####.###.# ##.[.#..# #.#
#.....#####.....# .#
#)....##....###.##
#.....#..#### #..#
####.......####..####


You could see an orc warrior.

Vanquished Creatures
  Erolcha (D:8)
  Pikel (D:6)
  A hippogriff (D:8)
  An ice beast (D:7)
  A phantom (D:7)
  A wasp (D:8)
  3 sky beasts
  3 ogres
  2 centaurs
  Blork the orc (D:6)
  3 giant frogs
  A scorpion (D:7)
  2 howler monkeys
  6 crimson imps
  A giant frog skeleton (D:6)
  2 hounds
  2 orc priests (D:6)
  Ijyb (D:4)
  2 centaur skeletons
  A giant frog zombie (D:5)
  A jelly (D:7)
  6 orc wizards
  3 iguanas
  7 worker ants
  A killer bee zombie (D:6)
  A hound zombie (D:5)
  A worker ant zombie (D:4)
  4 gnolls
  A howler monkey zombie (D:5)
  7 adders
  A shadow imp (D:7)
  An ooze (D:1)
  2 adder zombies (D:5)
  3 worms
  2 dart slugs (D:1)
  8 giant geckos
  30 orcs
  2 ball pythons (D:3)
  3 giant cockroaches
  11 goblins
  8 hobgoblins
  7 jackals
  3 quokkas
  7 bats
  2 giant cockroach zombies (D:5)
  A giant gecko zombie (D:5)
  5 giant newts
  A jackal zombie (D:5)
  5 kobolds
  2 quokka zombies (D:5)
  4 rats
176 creatures vanquished.

Notes
Turn   | Place    | Note
--------------------------------------------------------------
     0 | D:1      | Ordine the Deep Elf Wizard began the quest for the Orb.
     0 | D:1      | Reached XP level 1. HP: 10/10 MP: 7/7
   419 | D:1      | Reached XP level 2. HP: 15/15 MP: 6/9
   429 | D:1      | Learned a level 2 spell: Blink
   655 | D:1      | Reached skill level 5 in Spellcasting
  1012 | D:1      | Reached XP level 3. HP: 19/19 MP: 1/11
  1017 | D:1      | Learned a level 3 spell: Conjure Flame
  1021 | D:1      | Learned a level 3 spell: Mephitic Cloud
  1024 | D:1      | Learned a level 2 spell: Repel Missiles
  1680 | D:2      | Reached XP level 4. HP: 8/24 MP: 4/13
  1906 | D:2      | Reached skill level 6 in Spellcasting
  2334 | D:2      | Found an oddly glowing altar of Pakellas.
  2431 | D:2      | Found Gozag's Platinum Reserve.
  2750 | D:2      | Found an opulent altar of Gozag.
  2953 | D:3      | Reached XP level 5. HP: 18/28 MP: 0/16
  3678 | D:3      | Found an ancient bone altar of Kikubaaqudgha.
  3863 | D:4      | Noticed Ijyb
  3875 | D:4      | Killed Ijyb
  3875 | D:4      | Reached skill level 7 in Spellcasting
  4086 | D:4      | Found a blossoming altar of Fedhas.
  4248 | D:4      | Found a glowing silver altar of Zin.
  4255 | D:4      | Reached XP level 6. HP: 32/32 MP: 12/18
  4463 | D:4      | Found a shimmering altar of Xom.
  4656 | D:4      | Found a hazy altar of Hepliaklqana.
  4733 | D:5      | Entered Level 5 of the Dungeon
  4773 | D:5      | Reached skill level 1 in Fire Magic
  4773 | D:5      | Reached skill level 1 in Evocations
  4859 | D:5      | Reached skill level 1 in Air Magic
  5105 | D:5      | Found an opulent altar of Gozag.
  5105 | D:5      | Found a sacrificial altar of Ru.
  5105 | D:5      | Found a bloodstained altar of Trog.
  5123 | D:5      | Found Tuoschaff's Book Shoppe.
  5128 | D:5      | Found Vepritso's Armour Boutique.
  5155 | D:5      | Found a radiant altar of Vehumet.
  5176 | D:5      | Reached XP level 7. HP: 36/36 MP: 13/20
  5290 | D:5      | Became a worshipper of Vehumet
  5361 | D:5      | Found Zaler's Food Shoppe.
  5396 | D:5      | Found Uzubufo's Antique Weapon Shoppe.
  5399 | D:5      | Found Cir Jir's Antique Weapon Emporium.
  5514 | D:5      | Found a deep blue altar of Sif Muna.
  5532 | D:5      | Identified Sif Muna's Grimoire of Creation
  5606 | D:6      | Noticed Blork the orc
  5630 | D:5      | Reached skill level 8 in Spellcasting
  5757 | D:6      | Killed Blork the orc
  5850 | D:6      | Learned a level 5 spell: Fireball
  5963 | D:6      | Reached XP level 8. HP: 40/41 MP: 7/22
  6238 | D:6      | Reached skill level 5 in Conjurations
  6900 | D:6      | Reached * piety under Vehumet
  6900 | D:6      | Offered knowledge of Sandblast by Vehumet.
  7235 | D:7      | Reached skill level 9 in Spellcasting
  7501 | D:7      | Got a scorched ivory ring
  7502 | D:7      | Identified the ring of Nalih {SustAt rPois rF- rN+} (You found it on level 7 of the Dungeon)
  7559 | D:7      | Found Koosuocef's Antique Weapon Boutique.
  7802 | D:7      | Found a staircase to the Ecumenical Temple.
  7824 | Temple   | Entered the Ecumenical Temple
  8088 | D:7      | Reached XP level 9. HP: 45/45 MP: 16/24
  8274 | D:4      | Found a stormy altar of Qazlal.
  8341 | D:7      | Reached skill level 5 in Evocations
  8658 | D:7      | Found a shadowy altar of Dithmenos.
  8768 | D:7      | Noticed Pikel
  8839 | D:6      | Killed Pikel
  8839 | D:6      | Reached skill level 10 in Spellcasting
  8839 | D:6      | Reached skill level 5 in Fire Magic
  8939 | D:8      | Reached ** piety under Vehumet
  8939 | D:8      | Offered knowledge of Flame Tongue by Vehumet.
  9100 | D:8      | Noticed Erolcha
  9409 | D:8      | Killed Erolcha
  9409 | D:8      | Reached skill level 5 in Air Magic
  9679 | D:8      | Hit by a stone thrown by an orc warrior

Vault maps used:
D:1:      roderic_crop_circles_arrival_small
D:2:      grunt_pakellas_salt, nicolae_gozag_zags_fifth_avenue
D:3:      lemuel_crystal_altar, first_bread
D:4:      kennysheep_the_goblin_king, marbit_many_paths,
          nicolae_overflow_hidden_temple, led_xom_imps,
          overflow_temple_1_default, kennysheep_mini
D:5:      led_sif_book, grunt_temple_overflow_open, fiery_altar_vehumet,
          serial_undead, serial_undead_f, serial_undead_e, serial_undead_e,
          serial_undead_c, serial_shops, shop, shop,
          nicolae_shop_temple_entry_statues_fountains, shop,
          nicolae_shop_statue_plus
D:6:      kennysheep_generic_room_3, uniq_blork_the_orc
D:7:      kennysheep_little_box, minmay_temple_entry_statues_fountains,
          serial_shops, shop, enter_ossuary_1, uniq_pikel
D:8:      uniq_erolcha
Temple:   temple_eino_lava_8

Skill      XL: |  1  2  3  4  5  6  7  8  9 |
---------------+----------------------------+-----
Spellcasting   | 5 6 7 8 9 10 | 10.6
Conjurations   | 2 3 4 5 7 |  7.1
Translocations | 2 3 |  3.0
Fire Magic     | 1 2 4 6 |  6.0
Evocations     | 2 3 4 6 |  6.4
Air Magic      | 1 2 4 5 |  5.5
Dodging        | |  2.4
Stealth        | |  2.4
Summonings     | |  1.1

Action                   |  1- 3 |  4- 6 |  7- 9 || total
-------------------------+-------+-------+-------++-------
Melee: Unarmed           |     2 |     1 |       ||     3
       Dagger            |       |     9 |    46 ||    55
 Cast: Magic Dart        |    83 |   273 |   359 ||   715
       Repel Missiles    |     1 |       |       ||     1
       Mephitic Cloud    |       |       |    15 ||    15
       Blink             |       |       |    11 ||    11
       Conjure Flame     |       |       |     3 ||     3
       Fireball          |       |       |     9 ||     9
  Use: Scroll            |     3 |     8 |     9 ||    20
 Stab: Confused          |       |       |     1 ||     1
  Eat: Chunk             |     2 |     9 |    13 ||    24
       Pizza             |       |     1 |     1 ||     2
       Bread ration      |       |     1 |       ||     1
Armor: Robe              |     3 |    25 |    34 ||    62
Dodge: Dodged            |    18 |    63 |    90 ||   171
       Deflected         |       |       |     9 ||     9
